 Dungeon Crawl Stone Soup version 0.17-a0-1020-ge683cc4 (webtiles) character file.

6199 talyn the Carver (level 10, -18/115 HPs)
             Began as a Minotaur Fighter on May 16, 2015.
             Was a Priest of Yredelemnul.
             Demolished by Snorg (19 damage)
             ... on level 10 of the Dungeon.
             The game lasted 00:21:50 (9891 turns).

talyn the Carver (Minotaur Fighter)                 Turns: 9891, Time: 00:21:51

Health: -18/115    AC: 25    Str: 20      XL:     10   Next: 61%
Magic:  0/11       EV:  2    Int:  5      God:    Yredelemnul [***...]
Gold:   558        SH:  9    Dex: 14 (17) Spells: 0 memorised, 9 levels left

rFire  + . .     SeeInvis .     a - +1 long sword
rCold  + + .     Clarity  .     (armour currently unavailable)
rNeg   + + +     SustAb   .     c - +0 shield
rPois  +         Gourm    .     (helmet currently unavailable)
rElec  .         Spirit   +     (cloak currently unavailable)
rCorr  .         Warding  .     (gloves currently unavailable)
rMut   .         NoTele   +     (boots currently unavailable)
MR     .....                    o - amulet of guardian spirit
Stlth  +.........               (no ring)
                                D - ring of Descent {+/*Tele rF+ rC++ Dex+3}

@: tree-form, not resistant to hostile enchantments, very unstealthy
A: (retaliatory headbutt), (horns 0), (talons 0), low mp 1, MP-powered wands
a: Animate Dead, Recall Undead Slaves, Injury Mirror, Renounce Religion, Evoke
Teleportation


You were on level 10 of the Dungeon.
You worshipped Yredelemnul.
Yredelemnul was most pleased with you.
You were not hungry.
You were a tree.
You visited 2 branches of the dungeon, and saw 11 of its levels.

You collected 558 gold pieces.

Inventory:

Hand weapons
 a - a +1 long sword (weapon)
Armour
 c - a +0 shield (worn)
 n - a +1 hat (melded)
 s - a +0 pair of boots (melded)
 u - a +0 plate armour (melded)
Jewellery
 o - an amulet of guardian spirit (around neck)
 D - the ring of Descent (left branch) {+/*Tele rF+ rC++ Dex+3}
   (You took it off a kobold on level 9 of the Dungeon)

   [ring of teleportation]

   It may teleport you to nearby monsters, and can be evoked to randomly
   teleport.
   It affects your dexterity (+3).
   It protects you from fire.
   It greatly protects you from cold.
Magical devices
 t - a wand of slowing (26)
 y - a wand of cold (7)
 z - a wand of cold (14)
Scrolls
 d - a scroll of blinking
 l - 4 scrolls of fear
 p - 7 scrolls of remove curse
 x - a scroll of fog
 B - a scroll of identify
Potions
 b - 2 potions of cancellation
 f - a potion of resistance
 g - a potion of invisibility {unknown}
 i - a potion of brilliance {unknown}
 j - a potion of poison {unknown}
 k - a potion of lignification
 m - a potion of ambrosia {unknown}
 q - a potion of degeneration
 r - 2 potions of flight
 v - a potion of mutation
 E - a potion of beneficial mutation {unknown}
Comestibles
 e - 12 bread rations
 w - 2 beef jerkies
 A - 2 slices of pizza
 C - a meat ration


   Skills:
 - Level 3.6 Fighting
 - Level 14.2 Long Blades
 - Level 10.1 Armour
 - Level 5.0 Dodging
 - Level 3.6 Shields
 + Level 4.6 Invocations


You had 9 spell levels left.
You didn't know any spells.

Dungeon Overview and Level Annotations

Branches:
Dungeon (10/15)            Temple (1/1) D:6
   Lair: D:8-11         Orc: D:9-12

Altars:
Ashenzari
Cheibriados
Dithmenos
Elyvilon
Fedhas
Gozag
Kikubaaqudgha
Makhleb
Nemelex Xobeh
Okawaru
Qazlal
Ru
Sif Muna
Trog
Vehumet
Xom
Yredelemnul
Zin
The Shining One
Lugonu

Annotations:
D:10 Snorg


Innate Abilities, Weirdness & Mutations

((You reflexively headbutt those who attack you in melee.))
((You have a pair of horns on your head.))
((You have sharp toenails.))
Your magical capacity is low (-10% MP).
You expend magic power (3 MP) to strengthen your wands.


Message History

* * * LOW HITPOINT WARNING * * *
Snorg claws you but does no damage.
Drink which item? (? for menu, Esc to quit)
It was a potion of mutation.
You feel extremely strange.
You feel less energetic.
You feel stupid.
You feel a little more calm. Snorg bites you.
* * * LOW HITPOINT WARNING * * *
You block Snorg's attack. x2
You slash Snorg!
Snorg is severely wounded.
Snorg bites you!
* * * LOW MAGIC WARNING * * *;
* * * LOW HITPOINT WARNING * * *
Snorg claws you but does no damage. You block Snorg's attack.
You slash Snorg!
Snorg is almost dead.
Snorg bites you.
* * * LOW HITPOINT WARNING * * *
Snorg claws you but does no damage. You block Snorg's attack. Snorg bites you!!
You die...
Your body rises from the dead as a mindless zombie.

....### .....
#.... #...
#..##+####
#..#.....#
#..'.....#
###..♣T....#
#....#.....#
#....#...[%# ..
#....#....># ...
#....#.....#
...####....#######
........o........
..
........#########
... ........#


You could see Snorg (berserk) and an orc wizard.

Vanquished Creatures
  The ghost of Sharmount the Carver, an experienced MiFi of Trog (D:8)
  Pikel (D:5)
  The ghost of talyn the Cudgeler, an experienced GrMo of Makhleb (D:5)
  Psyche (D:8)
  2 deep elf magi
  3 yaks (D:10)
  A hungry ghost (D:8)
  Menkaure (D:5)
  2 sky beasts
  Duvessa (D:5)
  3 orc warriors
  An ice beast (D:10)
  A phantom (D:7)
  2 necrophages
  5 centaurs
  5 ogres
  A big kobold (D:9)
  2 giant frogs (D:7)
  Dowan (D:5)
  2 scorpions (D:4)
  4 killer bees (D:9)
  3 crimson imps
  A wasp zombie (D:9)
  A centaur zombie (D:7)
  4 jellies
  3 hounds
  A quasit (D:9)
  2 iguanas
  2 orc priests (D:9)
  A centaur skeleton (D:6)
  2 giant frog skeletons
  3 orc wizards
  9 worker ants
  A killer bee zombie (D:7)
  2 hound skeletons
  10 adders
  2 shadow imps
  3 oozes (D:4)
  An adder zombie (D:5)
  5 worms
  16 orcs
  11 bats
  13 giant cockroaches
  8 goblins
  6 hobgoblins
  9 jackals
  A quokka (D:7)
  2 ball pythons
  11 giant geckos
  A giant gecko zombie (D:7)
  6 giant newts
  A jackal skeleton (D:4)
  22 kobolds
  A quokka zombie (D:8)
  12 rats
217 creatures vanquished.

Vanquished Creatures (others)
  A giant gecko (D:5)
  A bush (D:5)
2 creatures vanquished.

Grand Total: 219 creatures vanquished

Notes
Turn   | Place    | Note
--------------------------------------------------------------
     0 | D:1      | talyn the Minotaur Fighter began the quest for the Orb.
     0 | D:1      | Reached XP level 1. HP: 19/19 MP: 0/0
   198 | D:1      | Reached XP level 2. HP: 20/26 MP: 1/1
   465 | D:1      | Reached skill level 4 in Long Blades
   778 | D:2      | Found a sparkling altar of Nemelex Xobeh.
   812 | D:2      | Reached XP level 3. HP: 31/31 MP: 2/2
  1490 | D:2      | Reached skill level 5 in Long Blades
  1651 | D:2      | Found a glowing silver altar of Zin.
  1652 | D:2      | Found an opulent altar of Gozag.
  1656 | D:2      | Reached XP level 4. HP: 35/39 MP: 3/3
  2490 | D:3      | You fall through a shaft for 3 floors!
  2501 | D:5      | Entered Level 5 of the Dungeon
  2524 | D:5      | Reached skill level 6 in Long Blades
  2751 | D:5      | Reached XP level 5. HP: 43/45 MP: 4/4
  2762 | D:5      | Found a basalt altar of Yredelemnul.
  2763 | D:5      | Noticed an ogre
  2768 | D:5      | Killed an ogre
  2781 | D:5      | Noticed talyn's ghost (experienced GrMo)
  2793 | D:5      | Killed talyn's ghost
  2793 | D:5      | Reached skill level 8 in Long Blades
  2793 | D:5      | Reached skill level 5 in Armour
  2793 | D:5      | Reached XP level 6. HP: 18/51 MP: 5/5
  2793 | D:5      | Reached XP level 7. HP: 20/57 MP: 6/6
  3023 | D:5      | Noticed a slave
  3025 | D:5      | Noticed Pikel
  3026 | D:5      | Noticed a slave
  3026 | D:5      | Noticed a slave
  3027 | D:5      | Noticed a slave
  3041 | D:5      | Killed Pikel
  3041 | D:5      | Reached skill level 9 in Long Blades
  3041 | D:5      | Reached XP level 8. HP: 57/64 MP: 7/7
  3646 | D:4      | Reached skill level 10 in Long Blades
  4006 | D:4      | Found a shadowy altar of Dithmenos.
  4362 | D:5      | Became a worshipper of Yredelemnul the Dark
  4542 | D:5      | Found a shimmering altar of Xom.
  4689 | D:5      | Noticed Menkaure
  4699 | D:5      | Killed Menkaure
  4790 | D:5      | Noticed a centaur
  4792 | D:5      | Noticed Duvessa
  4801 | D:5      | Found a blossoming altar of Fedhas.
  4801 | D:5      | Noticed Dowan
  4818 | D:5      | Killed Duvessa
  4818 | D:5      | Reached skill level 11 in Long Blades
  4840 | D:5      | Killed a centaur
  4850 | D:5      | Killed Dowan
  5209 | D:6      | Found a staircase to the Ecumenical Temple.
  5232 | Temple   | Entered the Ecumenical Temple
  5331 | D:6      | Noticed a centaur
  5336 | D:6      | Killed a centaur
  5434 | D:6      | Noticed a necrophage
  5435 | D:6      | Found a bloodstained altar of Trog.
  5442 | D:6      | Killed a necrophage
  5442 | D:6      | Reached XP level 9. HP: 64/70 MP: 8/8
  5484 | D:6      | Found a sacrificial altar of Ru.
  5592 | D:6      | Noticed a centaur
  5599 | D:6      | Killed a centaur
  5599 | D:6      | Reached skill level 12 in Long Blades
  5695 | D:6      | Noticed an ogre
  5703 | D:6      | Killed an ogre
  5861 | D:6      | Acquired Yredelemnul's first power
  6262 | D:7      | Gained mutation: You have sharp toenails. [mutagenic meat]
  6363 | D:7      | Gained mutation: You tend to lose your temper in combat. [mutagenic meat]
  6364 | D:7      | Gained mutation: Your mind is acute. (Int +2) [mutagenic meat]
  6365 | D:7      | Gained mutation: You expend magic power (3 MP) to strengthen your wands. [mutagenic meat]
  6612 | D:7      | Reached skill level 13 in Long Blades
  6713 | D:7      | Found a burning altar of Makhleb.
  7371 | D:8      | Found a stormy altar of Qazlal.
  7376 | D:8      | Found a blossoming altar of Fedhas.
  7390 | D:8      | Acquired Yredelemnul's second power
  7492 | D:8      | Noticed Psyche
  7502 | D:8      | Killed Psyche
  7502 | D:8      | Reached skill level 10 in Armour
  7951 | D:8      | Found a radiant altar of Vehumet.
  7982 | D:8      | Noticed Sharmount's ghost (experienced MiFi)
  8028 | D:8      | Killed Sharmount's ghost
  8028 | D:8      | Reached skill level 14 in Long Blades
  8028 | D:8      | Reached XP level 10. HP: 17/77 MP: 9/9
  8380 | D:8      | Reached skill level 1 in Dodging
  8703 | D:8      | Found a deep blue altar of Sif Muna.
  9183 | D:9      | Reached skill level 5 in Dodging
  9294 | D:9      | Reached skill level 1 in Invocations
  9303 | D:9      | Got a vibrating pewter ring
  9316 | D:9      | Identified the ring of Descent {+/*Tele rF+ rC++ Dex+3} (You took it off a kobold on level 9 of the Dungeon)
  9743 | D:10     | Entered Level 10 of the Dungeon
  9844 | D:10     | Acquired Yredelemnul's third power
  9857 | D:10     | Noticed Snorg
  9889 | D:10     | Gained mutation: Your magical capacity is low (-10% MP). [potion of mutation]
  9889 | D:10     | Lost mutation: Your mind is acute. (Int +2) [potion of mutation]
  9889 | D:10     | Lost mutation: You tend to lose your temper in combat. [potion of mutation]
  9890 | D:10     | HP: 2/115 [Snorg (9)]
  9891 | D:10     | Demolished by Snorg

Vault maps used:
D:1:      matt_arrival_spirals, minmay_distorted
D:2:      grunt_temple_overflow_gold_and_silver,
          nemelex_xobeh_ov_fountains_minmay, serial_forest,
          infiniplex_forest_straight_2, infiniplex_forest_3_way,
          infiniplex_forest_clump_long, infiniplex_forest_end_3,
          infiniplex_forest_straight_2, infiniplex_forest_lined_room_3,
          infiniplex_forest_join, minmay_misc_feat_roman
D:3:      minmay_item_behind_shaft
D:4:      kennysheep_little_box
D:5:      kennysheep_mini_moat, lemuel_crystal_altar, first_bread,
          fedhas_bush_and_centaur_altar, uniq_menkaure, uniq_pikel, uniq_duvessa
D:6:      old_standard_altar, nicolae_ru_awakened_eye,
          minmay_temple_entry_purple_smoke
D:7:      nicolae_overflow_hidden_temple, grunt_ogre_cave
D:8:      grunt_temple_overflow_forces_of_nature, lemuel_round_altar,
          lemuel_crystal_altar, uniq_psyche
D:10:     david_orc_3, uniq_snorg
Temple:   corrupted_temple

Action                   |  1- 3 |  4- 6 |  7- 9 | 10-12 || total
-------------------------+-------+-------+-------+-------++-------
Melee: Long sword        |   102 |    84 |   403 |   222 ||   811
Evoke: Wand              |       |       |       |     1 ||     1
  Use: Scroll            |     4 |     1 |    12 |     5 ||    22
       Potion            |       |     1 |     9 |     6 ||    16
  Eat: Royal jelly       |     1 |     1 |     1 |       ||     3
       Beef jerky        |     1 |       |     1 |     5 ||     7
       Meat ration       |       |     1 |     1 |     1 ||     3
       Pizza             |       |       |     3 |       ||     3
       Chunk             |       |       |     4 |       ||     4
